 Dungeon Crawl Stone Soup version 0.17.1-2-g5865329 (webtiles) character file.

131945 Metrazal the Acrobat (level 16, -1/69 HPs)
             Began as a Spriggan Assassin on Feb 8, 2016.
             Was a Priest of Elyvilon.
             Slain by a vampire knight
             ... wielding a +0 long sword of protection
              (11 damage)
             ... while paralysed by a vampire knight
             ... on level 13 of the Dungeon on Feb 14, 2016.
             The game lasted 15:16:48 (76193 turns).

Metrazal the Acrobat (Spriggan Assassin)           Turns: 76193, Time: 15:16:49

Health: -1/69      AC:  8    Str: 10    XL:     16   Next: 56%
Magic:  17/17      EV:  4    Int: 13    God:    Elyvilon [***...]
Gold:   640        SH:  0    Dex: 26    Spells: 0 memorised, 15 levels left

rFire  . . .     SeeInvis +     b - +9 dagger (holy)
rCold  . . .     Clarity  +     (armour restricted)
rNeg   . . .     SustAt   .     (shield restricted)
rPois  +         Gourm    .     s - +2 hat
rElec  +         Spirit   .     m - +0 cloak
rCorr  +         Warding  .     (gloves unavailable)
rMut   .         Stasis   .     (boots unavailable)
MR     ++...                    X - amulet of resist corrosion
Stlth  ++++++++++               S - ring of Giun {rElec rPois Str+3 Stlth+}
                                p - +5 ring of protection

@: paralysed, very quick, very resistant to hostile enchantments, uncannily
stealthy
A: unfitting armour, horns 1, see invisible, agile 1, clarity, herbivore 3,
speed 3, slow metabolism 2, evolution 2
a: Lesser Healing, Heal Other, Purification, Divine Protection, Renounce
Religion


You were on level 13 of the Dungeon.
You worshipped Elyvilon.
Elyvilon was most pleased with you.
You were not hungry.

You visited 6 branches of the dungeon, and saw 30 of its levels.
You visited 1 bazaar.

You collected 2992 gold pieces.
You spent 2352 gold pieces at shops.

Inventory:

Hand Weapons
 a - a +9 quick blade
 b - a +9 dagger of holy wrath (weapon)
 c - a +5 shortbow
 d - a +3 blowgun
 e - the +8 long sword "Ahevuh" {venom, +Fly Dex+7 SInv Stlth-}
   (You found it on level 10 of the Dungeon)

   It poisons the flesh of those it strikes.
   It affects your dexterity (+7).
   It lets you see invisible.
   It lets you fly.
   It makes you less stealthy.
 f - a +0 shortbow of flaming
 g - a +0 shortbow of freezing
Missiles
 h - 507 stones
 j - 18 poisoned arrows
 q - 49 tomahawks
 r - 26 sling bullets of frost
 u - 18 poisoned needles
 v - 9 steel sling bullets
 z - 11 steel tomahawks
 G - 7 silver tomahawks
 M - 57 arrows
 N - 41 sling bullets
 Q - 6 needles of frenzy
 T - 6 tomahawks of returning (quivered)
Armour
 k - a +2 robe of positive energy
 m - a +0 cloak (worn)
 s - a +2 hat (worn)
 F - a +1 robe of fire resistance
Jewellery
 p - a +5 ring of protection (left hand)
 S - the ring of Giun (right hand) {rElec rPois Str+3 Stlth+}
   (You bought it in a shop on level 12 of the Dungeon)

   [ring of stealth]

   It affects your strength (+3).
   It insulates you from electricity.
   It protects you from poison.
   It makes you more stealthy.
 W - an uncursed ring of protection from cold
 X - an amulet of resist corrosion (around neck)
Wands
 C - a wand of polymorph (7)
 J - a wand of polymorph (6)
 P - a wand of paralysis (8)
 U - a wand of enslavement (1)
 Y - a wand of flame (15)
 Z - a wand of fire (8)
Scrolls
 i - 2 scrolls of magic mapping
 t - a scroll of recharging
 D - 6 scrolls of remove curse
 E - a scroll of silence
 H - 3 scrolls of fear
 I - 2 scrolls of acquirement
 R - 2 scrolls of fog
Potions
 l - a potion of resistance
 n - a potion of cancellation
 o - 3 potions of magic
 w - 3 potions of haste
 x - 2 potions of curing
 A - 5 potions of agility
 B - 4 potions of might
 L - a potion of cure mutation
Comestibles
 O - 17 bread rations


   Skills:
 - Level 1.5 Fighting
 * Level 6.3 Short Blades
 - Level 18.6 Bows
 - Level 2.0 Throwing
 - Level 24.8 Dodging
 - Level 21.2 Stealth


You had 15 spell levels left.
You didn't know any spells.

Dungeon Overview and Level Annotations

Branches:
Dungeon (15/15)            Temple (1/1) D:5            Lair (8/8) D:11
 Shoals (1/4) Lair:4        Snake (0/4) Lair:5        Slime (0/6) Lair:8
    Orc (4/4) D:10         Vaults (0/5) D:13         Depths (1/5) D:15
    Elf: Orc:3-4

Altars:
Ashenzari
Cheibriados
Dithmenos
Elyvilon
Fedhas
Gozag
Kikubaaqudgha
Makhleb
Nemelex Xobeh
Okawaru
Qazlal
Ru
Sif Muna
Trog
Vehumet
Xom
Yredelemnul
Zin
The Shining One
Jiyva

Shops:
D:4 !   D:6 :}!   D:12 =   Orc:4 (:[![

Portals:
Ossuary: D:5

Annotations:
D:7 1 runed door
D:8 Antondotnet's ghost, novice DDAr
Lair:2 Clownie's ghost, journeyman OpIE
Lair:6 exclusion: oklob plant
Lair:7 Execuda's ghost, adept FoFi


Innate Abilities, Weirdness & Mutations

You are tiny and cannot use many weapons and most armour.
You have supernaturally acute eyesight.
You are a herbivore.
You cover ground extremely quickly.
You need consume almost no food.
You have a pair of small horns on your head.
You are agile. (Dex +2)
You possess an exceptional clarity of mind.
You rapidly evolve.


Message History

The vampire knight is moderately damaged.
You closely miss the vampire knight.
The vampire knight is moderately damaged.
The vampire knight closely misses you. The vampire knight barely misses you.
You hit the vampire knight but do no damage.
The vampire knight is moderately damaged.
The vampire knight casts a spell at you.
You suddenly lose the ability to move!
The vampire knight completely misses you.
The vampire knight bites you.
The vampire knight draws strength from your injuries!
The vampire knight hits you with a long sword of protection!
The vampire knight bites you but does no damage.
The vampire knight hits you with a long sword of protection!!
* * * LOW HITPOINT WARNING * * *
The vampire knight bites you.
* * * LOW HITPOINT WARNING * * *
The vampire knight draws strength from your injuries!
The vampire knight hits you with a long sword of protection!
You die...

....###.##..###........)...#...#.
....##.###..#.#............'...#.
#####.####.#..#........#####...#.
..#......###..#........#.......##
...#.....#..###........#.........
#...#....#..#.#........#........#
.#.......#.#..#........'........#
############..#........#........#
................@......#........#
.................V.....##'#.....#
.......#.#####............###....
.......#.....#..............#....
.......#.....#..............'....
<......#.....#.....)........#####
.......#.....#...................
.......#.....#.....?.............
.#####...........................


You could see a vampire knight.

Vanquished Creatures
  Maud (Lair:3)
  An orc warlord (Orc:4)
  A vault guard (D:13)
  A merfolk impaler (Lair:4)
  A yaktaur captain (D:13)
  2 fire dragons
  Josephine (Orc:3)
  11 hydras
  A catoblepas (D:15)
  4 centaur warriors
  19 death yaks
  3 tengu warriors (D:14)
  A queen ant (Lair:8)
  2 deep troll earth magi (D:13)
  3 orc high priests (Orc:4)
  3 skeletal warriors (D:15)
  4 unseen horrors
  A sea snake (shapeshifter) (D:14)
  5 hill giants
  A wizard (D:15)
  A necromancer (D:15)
  6 orc knights
  3 griffons
  11 ugly things
  2 wolf spider zombies (D:15)
  A manticore (D:13)
  3 lindwurms
  A wolf spider (D:13)
  6 orc sorcerers
  2 cyclopes
  3 naga magi
  15 elephants
  A siren (Shoals:1)
  An octopode (shapeshifter) (Depths:1)
  7 black mambas
  13 spiny frogs
  A torpor snail (Lair:7)
  8 gargoyles
  A yaktaur (D:15)
  11 komodo dragons
  4 fire drakes
  2 efreet (D:13)
  A harpy zombie (D:15)
  3 two-headed ogres (D:14)
  2 polar bears
  5 slime creatures (D:13)
  27 blink frogs
  6 trolls
  A boulder beetle (Lair:7)
  A centaur simulacrum (D:15)
  A shadow (D:12)
  A trapdoor spider (D:12)
  2 wyverns
  A spriggan (Lair:5)
  3 wraiths (Orc:2)
  2 deep elf fighters
  7 vampire mosquitoes
  3 deep elf magi
  4 steam dragons
  4 basilisks
  14 hippogriffs
  Grum (D:11)
  72 yaks
  4 hungry ghosts
  5 mottled dragons
  Edmund (D:6)
  4 nagas (Lair:5)
  20 wolves
  A porcupine (shapeshifter) (D:13)
  2 wargs
  22 water moccasins
  5 ice beasts
  11 porcupines
  20 soldier ants (Lair:8)
  A black bear (D:11)
  6 phantoms
  3 sky beasts
  2 swamp drakes
  32 orc warriors
  11 ogres
  2 wasps
  An eye of draining (D:13)
  5 big kobolds
  22 crocodiles
  12 centaurs
  A brain worm (D:11)
  25 giant frogs
  7 scorpions
  A wight (D:4)
  14 killer bees
  6 crimson imps
  A quasit (D:13)
  An electric eel (Lair:3)
  42 orc wizards
  7 jellies
  8 centaur zombies
  3 hounds
  2 giant frog zombies
  31 orc priests
  Ijyb (D:2)
  Jessica (D:2)
  9 centaur skeletons
  3 giant frog skeletons
  17 iguanas
  31 worker ants
  A killer bee zombie (D:9)
  A hell rat (Lair:7)
  14 sheep
  A hound zombie (D:5)
  A hound skeleton (D:5)
  Robin (D:2)
  14 adders
  64 river rats
  12 white imps (Lair:2)
  2 shadow imps
  An ooze (D:1)
  3 giant geckos
  198 orcs
  16 bats
  A bat zombie (D:3)
  9 hobgoblins
  12 jackals
  23 kobolds
  3 quokkas
  8 giant cockroaches
  6 giant newts
  18 goblins
  22 rats
  2 rat zombies (D:3)
  6 fungi
  9 plants
1181 creatures vanquished.

Vanquished Creatures (collateral kills)
  A hell rat (Lair:7)
  4 rats (Lair:7)
5 creatures vanquished.

Vanquished Creatures (others)
  An orc knight (D:14)
  A tengu conjurer (Depths:1)
  An iguana (Lair:8)
  A hound (D:14)
  59 fungi
  30 plants
93 creatures vanquished.

Grand Total: 1279 creatures vanquished

Notes
Turn   | Place    | Note
--------------------------------------------------------------
     0 | D:1      | Metrazal the Spriggan Assassin began the quest for the Orb.
     0 | D:1      | Reached XP level 1. HP: 10/10 MP: 2/2
    53 | D:1      | Reached skill level 6 in Stealth
   388 | D:1      | Reached XP level 2. HP: 14/14 MP: 3/3
   724 | D:2      | Noticed Robin
   738 | D:2      | Killed Robin
   738 | D:2      | Reached XP level 3. HP: 18/18 MP: 4/4
   753 | D:2      | Reached skill level 7 in Stealth
  1022 | D:2      | Noticed Ijyb
  1035 | D:2      | Killed Ijyb
  1035 | D:2      | Reached XP level 4. HP: 20/22 MP: 5/5
  1161 | D:2      | Noticed Jessica
  1168 | D:2      | Killed Jessica
  1384 | D:3      | Reached skill level 5 in Dodging
  1883 | D:3      | Reached skill level 8 in Stealth
  1883 | D:3      | Reached XP level 5. HP: 22/25 MP: 6/6
  2265 | D:3      | Noticed an ice beast
  2290 | D:3      | Killed an ice beast
  2395 | D:3      | Found an ancient bone altar of Kikubaaqudgha.
  2512 | D:3      | Found a bloodstained altar of Trog.
  2699 | D:4      | Noticed a sky beast
  2710 | D:4      | Killed a sky beast
  2710 | D:4      | Reached skill level 9 in Stealth
  2710 | D:4      | Reached XP level 6. HP: 30/30 MP: 7/7
  2782 | D:4      | Found Hotuh's Distillery.
  2788 | D:4      | Bought a potion of curing for 30 gold pieces
  2788 | D:4      | Bought a potion of agility for 40 gold pieces
  2788 | D:4      | Bought a potion of curing for 30 gold pieces
  2788 | D:4      | Bought a potion of might for 40 gold pieces
  2788 | D:4      | Bought a potion of curing for 30 gold pieces
  3234 | D:4      | Found a basalt altar of Yredelemnul.
  3236 | D:4      | Noticed an ogre
  3269 | D:4      | Killed an ogre
  3308 | D:4      | Reached skill level 10 in Stealth
  3308 | D:4      | Reached XP level 7. HP: 28/33 MP: 8/8
  3647 | D:4      | Found a glowing silver altar of Zin.
  3735 | D:5      | Entered Level 5 of the Dungeon
  4167 | D:5      | Found a sand-covered staircase.
  4442 | D:5      | Found a staircase to the Ecumenical Temple.
  4472 | Temple   | Entered the Ecumenical Temple
  4480 | Temple   | Became a worshipper of Elyvilon the Healer
  4697 | D:6      | Reached skill level 11 in Stealth
  4906 | D:6      | Noticed Edmund
  4940 | D:6      | Killed Edmund
  4940 | D:6      | Reached XP level 8. HP: 37/37 MP: 9/9
  4993 | D:6      | Found Figuf's Distillery.
  5016 | D:6      | Bought a potion of agility for 44 gold pieces
  5016 | D:6      | Bought a potion of flight for 33 gold pieces
  5016 | D:6      | Bought a potion of brilliance for 44 gold pieces
  5070 | D:6      | Found Leykeligh's Gadget Shoppe.
  5072 | D:6      | Found Kiasmi Ykhlu's Book Emporium.
  5215 | D:6      | Found a sparkling altar of Nemelex Xobeh.
  5295 | D:6      | Reached skill level 12 in Stealth
  5452 | D:6      | Found a burning altar of Makhleb.
  5639 | D:7      | Reached skill level 10 in Dodging
  5780 | D:7      | Found a runed door.
  5795 | D:7      | Found a runed door.
  5935 | D:7      | Reached skill level 13 in Stealth
  6066 | D:7      | Reached * piety under Elyvilon
  6589 | D:7      | Reached XP level 9. HP: 41/41 MP: 10/10
  6896 | D:8      | Noticed Antondotnet's ghost (novice DDAr)
  7058 | D:8      | Found an opulent altar of Gozag.
  7119 | D:8      | Reached skill level 14 in Stealth
  7389 | D:8      | Reached skill level 1 in Bows
  7774 | D:8      | Found a shimmering altar of Xom.
  7892 | D:8      | Reached ** piety under Elyvilon
  8894 | D:10     | Entered Level 10 of the Dungeon
  9259 | D:10     | Reached skill level 5 in Bows
  9418 | D:10     | Noticed a centaur skeleton
  9482 | D:10     | Killed a centaur skeleton
  9487 | D:10     | Reached XP level 10. HP: 46/46 MP: 11/11
  9837 | D:10     | Reached skill level 15 in Stealth
  9987 | D:10     | Found a staircase to the Orcish Mines.
 10413 | D:10     | Noticed a gargoyle
 10419 | D:10     | Killed a gargoyle
 10598 | D:10     | Reached *** piety under Elyvilon
 11048 | D:11     | Noticed Grum
 11085 | D:11     | Noticed a red ugly thing
 11454 | D:11     | Killed Grum
 11565 | D:11     | Killed a red ugly thing
 12479 | D:11     | Noticed a hill giant
 12583 | D:11     | Killed a hill giant
 12583 | D:11     | Reached skill level 10 in Bows
 12583 | D:11     | Reached skill level 16 in Stealth
 12583 | D:11     | Reached XP level 11. HP: 49/49 MP: 12/12
 13021 | D:11     | Found a staircase to the Lair.
 13580 | D:12     | Noticed an unseen horror
 13671 | D:12     | Killed an unseen horror
 14006 | D:12     | Noticed a four-headed hydra
 14541 | D:12     | Found Sudem's Jewellery Emporium.
 15043 | D:12     | Killed a four-headed hydra
 15530 | D:13     | Reached **** piety under Elyvilon
 16328 | D:13     | Found a gate to the Vaults.
 16328 | D:13     | Noticed a vault guard
 16374 | D:13     | Killed a vault guard
 16374 | D:13     | Reached skill level 15 in Dodging
 16374 | D:13     | Reached skill level 17 in Stealth
 16471 | D:13     | Noticed a six-headed hydra
 16494 | D:13     | Killed a six-headed hydra
 17210 | D:12     | Reached XP level 12. HP: 25/53 MP: 13/13
 17582 | D:13     | Noticed a six-headed hydra
 18748 | Lair:1   | Entered Level 1 of the Lair of Beasts
 20042 | Lair:1   | Reached skill level 18 in Stealth
 20926 | Lair:2   | Found a frozen archway.
 21179 | Lair:2   | Reached ***** piety under Elyvilon
 21659 | Lair:2   | Noticed Clownie's ghost (journeyman OpIE)
 22504 | Lair:3   | Found a labyrinth entrance.
 22558 | Lair:3   | Noticed Maud
 22645 | Lair:3   | Killed Maud
 23255 | Lair:3   | Reached skill level 15 in Bows
 23896 | Lair:4   | Found a staircase to the Shoals.
 23909 | Lair:3   | Reached XP level 13. HP: 57/57 MP: 14/14
 24436 | Lair:4   | Was placed under penance by Elyvilon
 25755 | Lair:5   | Reached skill level 19 in Stealth
 25904 | Lair:5   | Was forgiven by Elyvilon
 25904 | Lair:5   | Found a staircase to the Snake Pit.
 29346 | Lair:6   | Gained mutation: You evolve. [potion of beneficial mutation]
 29631 | Lair:7   | Reached ****** piety under Elyvilon
 29748 | Lair:7   | Noticed Execuda's ghost (adept FoFi)
 29993 | Lair:7   | You fall through a shaft!
 29993 | Lair:8   | Entered Level 8 of the Lair of Beasts
 31148 | Lair:7   | You fall through a shaft!
 31190 | Lair:8   | Reached skill level 20 in Stealth
 31190 | Lair:8   | Reached XP level 14. HP: 59/61 MP: 15/15
 34275 | Orc:1    | Entered Level 1 of the Orcish Mines
 34730 | D:12     | Bought a +5 ring of protection for 935 gold pieces
 34803 | D:13     | Noticed an unseen horror
 35616 | D:15     | Entered Level 15 of the Dungeon
 36805 | D:14     | Found a flickering gateway to a bazaar.
 36812 | Bazaar   | Entered a bazaar
 36875 | Bazaar   | Found Dacveg's Magic Scroll Boutique.
 36879 | Bazaar   | Found Waass's Antique Weapon Boutique.
 36879 | Bazaar   | Found Qurrahiy's Assorted Antiques.
 36879 | Bazaar   | Found Perchec's Antique Weapon Boutique.
 36942 | Bazaar   | Bought a runed shortbow for 39 gold pieces
 36942 | Bazaar   | Bought a glowing blowgun for 32 gold pieces
 36963 | Bazaar   | Bought a scroll of enchant weapon for 82 gold pieces
 36963 | Bazaar   | Bought a scroll of teleportation for 33 gold pieces
 36963 | Bazaar   | Bought a scroll of identify for 22 gold pieces
 36963 | Bazaar   | Bought a scroll of identify for 22 gold pieces
 37034 | D:13     | Noticed a titan
 37604 | D:10     | Got a crystal long sword
 37605 | D:10     | Identified the +8 long sword "Ahevuh" {venom, +Fly Dex+7 SInv Stlth-} (You found it on level 10 of the Dungeon)
 37856 | D:13     | Noticed a four-headed hydra
 37856 | D:13     | Noticed a seven-headed hydra
 38081 | D:13     | Noticed a deep troll earth mage
 43293 | D:15     | Found a staircase to the Depths.
 46748 | Orc:3    | Noticed Josephine
 46749 | Orc:3    | Killed Josephine
 47140 | Orc:2    | Gained mutation: You possess an exceptional clarity of mind. [evolution]
 48246 | Orc:4    | Entered Level 4 of the Orcish Mines
 49588 | Orc:4    | Noticed an orc warlord
 49624 | Orc:3    | Reached skill level 5 in Short Blades
 49908 | Orc:3    | Reached XP level 15. HP: 65/65 MP: 16/16
 50082 | Orc:4    | HP: 3/65 [orc warlord/great sword (22)]
 50085 | Orc:4    | Killed an orc warlord
 50085 | Orc:4    | Reached skill level 21 in Stealth
 50825 | Orc:4    | Found Vunemaqe's Weapon Emporium.
 51207 | Orc:4    | Found Yshroced's Book Emporium.
 53665 | Orc:4    | Found Dinynnul's Antique Armour Emporium.
 53666 | Orc:4    | Found Ytzuetea's Antique Armour Boutique.
 53666 | Orc:4    | Found Kooxzex's Distillery.
 54549 | Orc:4    | Bought a potion of agility for 56 gold pieces
 54549 | Orc:4    | Bought a potion of curing for 42 gold pieces
 54549 | Orc:4    | Bought a potion of curing for 42 gold pieces
 54549 | Orc:4    | Bought a potion of curing for 42 gold pieces
 55251 | D:12     | Bought the ring of Giun {rElec rPois Str+3 Stlth+} for 714 gold pieces
 55645 | D:13     | Noticed a deep troll earth mage
 55900 | D:13     | Killed a deep troll earth mage
 56006 | D:13     | Noticed a centaur warrior
 56019 | D:13     | Killed a centaur warrior
 56767 | Depths:1 | Entered Level 1 of the Depths
 56815 | Depths:1 | Gained mutation: You have a pair of small horns on your head. [evolution]
 56845 | Depths:1 | Noticed a lich
 57391 | D:13     | Killed an unseen horror
 57749 | Shoals:1 | Entered Level 1 of the Shoals
 61332 | Lair:8   | Reached skill level 22 in Dodging
 62223 | Lair:8   | Gained mutation: You are agile. (Dex +2) [evolution]
 64889 | Lair:8   | Reached XP level 16. HP: 55/69 MP: 17/17
 64961 | Lair:7   | Reached skill level 23 in Dodging
 67095 | Lair:8   | Found a viscous altar of Jiyva.
 67096 | Lair:8   | Found a staircase to the Slime Pits.
 68199 | D:13     | Killed a nine-headed hydra
 68288 | D:13     | Noticed a yaktaur captain
 68556 | D:13     | Killed a six-headed hydra
 68619 | D:13     | Killed a deep troll earth mage
 69230 | D:13     | Killed a yaktaur captain
 69484 | D:12     | Killed a six-headed hydra
 69484 | D:12     | Reached skill level 24 in Dodging
 69589 | D:13     | Gained mutation: You rapidly evolve. [evolution]
 70570 | D:14     | HP: 1/69 [white ugly thing (22)]
 73138 | D:15     | Identified 3 scrolls of acquirement
 76190 | D:13     | Paralysed by a vampire knight for 7 turns
 76193 | D:13     | Slain by a vampire knight

Action                   |  1- 3 |  4- 6 |  7- 9 | 10-12 | 13-15 | 16-18 || total
-------------------------+-------+-------+-------+-------+-------+-------++-------
Melee: Dagger            |    63 |    75 |   217 |   316 |  1905 |   128 ||  2704
       Long sword        |       |       |       |       |  1205 |   355 ||  1560
       Quick blade       |       |       |       |       |       |    88 ||    88
 Fire: Blowgun           |    13 |    26 |   171 |   141 |   288 |   159 ||   798
       Shortbow          |       |       |       |  1700 |  1424 |   113 ||  3237
       Arbalest          |       |       |       |       |     8 |       ||     8
Throw: Stone             |    29 |     4 |    53 |    42 |   706 |    23 ||   857
       Tomahawk          |       |       |       |       |    36 |    42 ||    78
Invok: Lesser Healing    |       |       |       |     7 |    12 |       ||    19
       Divine Protection |       |       |       |       |     1 |       ||     1
       Greater Healing   |       |       |       |       |    19 |       ||    19
Evoke: Wand              |       |       |       |     7 |    41 |       ||    48
  Use: Scroll            |       |     7 |    10 |    11 |    24 |    10 ||    62
       Potion            |       |       |       |     4 |    27 |     1 ||    32
 Stab: Sleeping          |    11 |    16 |    58 |    23 |    50 |     1 ||   159
       Distracted        |     2 |       |     5 |     9 |    42 |    19 ||    77
  Eat: Fruit             |       |       |     3 |     6 |     5 |       ||    14
       Royal jelly       |       |       |     1 |       |     1 |       ||     2
       Pizza             |       |       |       |     5 |    11 |       ||    16
       Bread ration      |       |       |       |       |     5 |     2 ||     7
